 Dungeon Crawl Stone Soup version 0.31-a0-876-gfe8ebadbca (webtiles) character file.

Game seed: 12870297877913549164

2367 inmateoo the Spear-Bearer (level 9, -7/64 HPs)
             Began as a Demonspawn Gladiator on Oct 13, 2023.
             Was a Believer of Hepliaklqana.
             Mangled by a two-headed ogre
             ... wielding a +0 giant club
              (20 damage)
             ... on level 8 of the Dungeon.
             The game lasted 00:08:47 (6763 turns).

inmateoo the Spear-Bearer (Demonspawn Gladiator)    Turns: 6763, Time: 00:08:47

Health: -7/64      AC: 10    Str: 16    XL:     9   Next: 21%
Magic:  9/9        EV: 12    Int:  9    God:    Hepliaklqana [**....]
Gold:   485        SH:  0    Dex: 18    Spells: 8/8 levels left

rFire   . . .        k - +2 spear (freeze)
rCold   . . .        (no shield)
rNeg    . . .        j - +0 scale mail
rPois   .            c - +0 helmet
rElec   .            (no cloak)
rCorr   +            (no gloves)
SInv    +            l - +1 pair of boots
Will    .....        (no amulet) Stlth
                     r - ring of see invisible
HPRegen 0.30/turn    s - ring of resist corrosion
MPRegen 0.22/turn

%: no passive effects
@: hasted, very quick
A: reduced essence, rugged brown scales 1, spiny 1, magic regeneration, weakness
stinger 2
a: Renounce Religion, Recall Ancestor, Ancestor Identity


You were on level 8 of the Dungeon.
You worshipped Hepliaklqana.
Hepliaklqana was pleased with you.
You visited 2 branches of the dungeon, and saw 9 of its levels.
You also visited: Ossuary.

You collected 485 gold pieces.

Inventory:

Hand Weapons
 a - a +0 trident
 k - a +2 spear of freezing (weapon)
Missiles
 d - 5 throwing nets (quivered)
 e - a javelin
Armour
 c - a +0 helmet (worn)
 j - a +0 scale mail (worn)
 l - a +1 pair of boots (worn)
Jewellery
 r - a ring of see invisible (left hand)
 s - a ring of resist corrosion (right hand)
 y - a ring of flight
Talismans
 A - a granite talisman
Scrolls
 b - 2 scrolls of butterflies
 o - 6 scrolls of teleportation
 q - 2 scrolls of silence
 B - a scroll of blinking
Potions
 f - 2 potions of invisibility
 g - a potion of haste
 h - 2 potions of ambrosia
 i - 4 potions of enlightenment
 m - 2 potions of might {unknown}
 n - 5 potions of curing
 p - 3 potions of brilliance {unknown}
 t - 2 potions of degeneration {unknown}
 u - a potion of heal wounds {unknown}
 v - a potion of magic
 w - 2 potions of lignification
 x - a potion of cancellation {unknown}
 E - a potion of mutation {unknown}


   Skills:
 + Level 6.3 Fighting
 * Level 8.3 Polearms
 - Level 1.7 Throwing
 + Level 6.1 Dodging
 * Level 1.8 Shapeshifting


You had 8 spell levels left.
You didn't know any spells.
Your spell library contained the following spells:

 Spells                   Type           Power      Damage    Failure   Level
 Gell's Gravitas          Tloc           0%         N/A       99%         3
 Teleport Other           Tloc           0%         N/A       99%         3
 Summon Ice Beast         Ice/Summ       0%         N/A       100%        4
 Summon Mana Viper        Hex/Summ       0%         N/A       100%        5
 Dispersal                Tloc           0%         N/A       100%        6
 Monstrous Menagerie      Summ           0%         N/A       100%        7


Dungeon Overview and Level Annotations

Branches:
Dungeon (8/15)             Temple (1/1) D:4         Ossuary (visited)
   Lair: D:8-11

Altars:
Ashenzari
Cheibriados
Fedhas
Gozag
Hepliaklqana
Kikubaaqudgha
Makhleb
Nemelex Xobeh
Okawaru
Qazlal
Ru
Sif Muna
Trog
Uskayaw
Vehumet
Wu Jian
Xom
Yredelemnul

Annotations:
D:8 1 runed translucent door
Temple 2 transporters


Innate Abilities, Weirdness & Mutations

Your life essence is reduced to manifest your ancestor. (-10% HP)
You are partially covered in rugged brown scales. (AC +1, +3% HP)
You are partially covered in sharp spines.
You regenerate magic rapidly.
You have a tail ending in a sharp stinger.


Message History

You hit the two-headed ogre. You freeze the two-headed ogre.
The two-headed ogre is heavily wounded.
An orc comes into view. It is wielding a +0 falchion.
The two-headed ogre hits you with a +0 giant club!
The two-headed ogre misses you.
You swap places.
Zada hits the two-headed ogre with a +0 quarterstaff!
The two-headed ogre hits Zada with a +0 giant club!!
The two-headed ogre hits Zada with a +0 giant spiked club!!
Zada is destroyed!
You reach to attack!
You hit the two-headed ogre but do no damage.
The two-headed ogre is heavily wounded.
You reach to attack!
You barely miss the two-headed ogre.
The two-headed ogre is heavily wounded.
The two-headed ogre attacks as it pursues you!
The two-headed ogre closely misses you.
The two-headed ogre hits you with a +0 giant spiked club!!
The orc wizard mumbles some strange words.
The orc wizard flickers and vanishes for a moment.
Okay, then.
The orc wizard gestures at you while chanting.
You are confused.
The two-headed ogre is struck by your spines.
The two-headed ogre misses you.
The two-headed ogre completely misses you.
The two-headed ogre is struck by your spines.
The two-headed ogre hits you with a +0 giant club!
* * * LOW HITPOINT WARNING * * *
The two-headed ogre hits you with a +0 giant spiked club.
* * * LOW HITPOINT WARNING * * *
It was a potion of curing.
You feel better.
The orc wizard gestures at you while chanting.
You easily resist.
You feel yourself speed up.
The orc wizard points at you and mumbles some strange words.
You easily resist.
The two-headed ogre is struck by your spines.
The two-headed ogre hits you with a +0 giant club!!
You die...

#.... ...........###
..##....#.#...........#
#..........#...........
#.........##.........# ..#
##......#.#..........
...##.#.......#.#...## ..#
##...................##.###..#
...... #........O.....<......###
......##........@.....###..###..
..........##..oo......####.#....
.....#....#.....................
..................[.............
......o####.....................
....... #......................
....... ....).##..........##....
...o.........##.......##..#....#
......................##....# .#


You could see a two-headed ogre, an orc wizard (invisible) and an orc.

Vanquished Creatures
  A wraith (Ossuary)
  Eustachio (D:4)
  Duvessa (D:4)
  2 phantoms
  3 bullfrogs (D:6)
  6 scorpions
  A water moccasin zombie (Ossuary)
  Dowan (D:4)
  3 centaur zombies (Ossuary)
  3 hounds
  2 orc priests
  A gnoll bouda (D:7)
  A human zombie (Ossuary)
  A jelly (D:5)
  2 sleepcaps
  3 iguanas
  An orc wizard (D:6)
  10 gnolls
  9 adders
  2 white imps (D:5)
  An ufetubus (D:6)
  4 adder zombies (Ossuary)
  2 worms
  2 dart slugs (D:4)
  16 orcs
  7 ball pythons
  6 endoplasms
  3 giant cockroaches
  2 gnoll zombies (Ossuary)
  5 goblins
  7 hobgoblins
  8 kobolds
  3 quokkas
  3 bats
  4 frilled lizards
  4 goblin zombies (Ossuary)
  3 hobgoblin zombies (Ossuary)
  2 orc zombies (Ossuary)
  5 rats
141 creatures vanquished.

Vanquished Creatures (collateral kills)
  A steam dragon (D:8)
  An acid dragon (D:8)
  An ogre (D:7)
  A hound (D:7)
  2 gnolls (D:7)
  An adder (D:6)
  2 white imps
  3 orcs (D:7)
12 creatures vanquished.

Vanquished Creatures (others)
  A battlemage (D:8)
1 creature vanquished.

Grand Total: 154 creatures vanquished

Notes
Turn   | Place    | Note
-------+----------+-------------------------------------------
     0 | D:1      | inmateoo the Demonspawn Gladiator began the quest for the
                  | Orb.
     0 | D:1      | Reached XP level 1. HP: 16/16 MP: 1/1
   289 | D:1      | Reached skill level 3 in Polearms
   336 | D:1      | Gained mutation: You are partially covered in sharp spines.
                  | [demonic ancestry]
   336 | D:1      | Reached XP level 2. HP: 20/22 MP: 2/2
   715 | D:2      | Gained mutation: You regenerate magic rapidly. [demonic
                  | ancestry]
   715 | D:2      | Reached XP level 3. HP: 27/28 MP: 3/3
   848 | D:2      | Gained mutation: You are partially covered in rugged brown
                  | scales. (AC +1, +3% HP) [demonic ancestry]
   848 | D:2      | Reached XP level 4. HP: 26/35 MP: 4/4
  2217 | D:4      | Reached skill level 4 in Polearms
  2239 | D:4      | Reached XP level 5. HP: 25/42 MP: 5/5
  2266 | D:4      | Found a sand-covered staircase.
  2271 | Ossuary  | Entered an ossuary
  2471 | Ossuary  | Reached XP level 6. HP: 44/48 MP: 6/6
  2505 | Ossuary  | Reached skill level 5 in Polearms
  2631 | Ossuary  | Noticed a wraith
  2681 | Ossuary  | HP: 3/73 [wraith (7)]
  2682 | Ossuary  | Killed a wraith
  2683 | Ossuary  | Gained mutation: You have a small tail. [demonic ancestry]
  2683 | Ossuary  | Reached XP level 7. HP: 4/56 MP: 7/7
  2850 | Ossuary  | Noticed a silent spectre
  2931 | D:4      | Noticed Duvessa
  2931 | D:4      | Noticed Dowan
  2948 | D:4      | Killed Duvessa
  2949 | D:4      | Reached skill level 6 in Polearms
  2954 | D:4      | Killed Dowan
  3131 | D:4      | Found a staircase to the Ecumenical Temple.
  3146 | Temple   | Found a transporter.
  3146 | Temple   | Found a transporter.
  3146 | Temple   | Found a transporter.
  3146 | Temple   | Found a transporter.
  3146 | Temple   | Entered the Ecumenical Temple
  3789 | D:4      | Noticed Eustachio
  3953 | D:4      | Killed Eustachio
  3954 | D:4      | Reached skill level 5 in Dodging
  3954 | D:4      | Reached XP level 8. HP: 55/62 MP: 8/8
  4120 | D:4      | Reached skill level 5 in Fighting
  4382 | D:5      | Entered Level 5 of the Dungeon
  4425 | D:5      | Found an ancient bone altar of Kikubaaqudgha.
  4425 | D:5      | Found a basalt altar of Yredelemnul.
  4435 | D:5      | Found a sparkling altar of Nemelex Xobeh.
  4437 | D:5      | Found a hide-covered altar of Uskayaw.
  4437 | D:5      | Found a hazy altar of Hepliaklqana.
  4438 | D:5      | Found a burning altar of Makhleb.
  4450 | D:5      | Reached skill level 7 in Polearms
  4452 | D:5      | Became a worshipper of Hepliaklqana the Forgotten
  4907 | D:5      | Found a sacrificial altar of Ru.
  5222 | D:6      | Reached * piety under Hepliaklqana
  5377 | D:6      | Reached skill level 8 in Polearms
  5779 | D:7      | Identified the +3 rapier "Zeyrhawn" {protect, rN+}
  5836 | D:7      | Gained mutation: You have a tail ending in a sharp stinger.
                  | [demonic ancestry]
  5836 | D:7      | Reached XP level 9. HP: 58/64 MP: 9/9
  6262 | D:7      | Reached skill level 1 in Shapeshifting
  6299 | D:7      | Reached ** piety under Hepliaklqana
  6300 | D:7      | Remembered your ancestor Zada as a battlemage
  6677 | D:8      | Found a runed translucent door.
  6742 | D:8      | Noticed a two-headed ogre
  6761 | D:8      | HP: 2/64 [two-headed ogre/+0 giant club (6)]
  6763 | D:8      | Mangled by a two-headed ogre

Illustrated notes

Levels and vault maps discovered:
D:1:      minmay_arrival_semitransparent, layout_loops_cross
D:2:      layout_basic, minmay_goblin_kobold_house
D:3:      layout_rooms, minmay_splitting_lines, minmay_misc_feat_hallway,
          grunt_decor_fettered
D:4:      layout_basic, minmay_temple_entry_glass, serial_co_window_serial,
          co_window_of_opportunity_a, co_window_paths_b, co_window_corner_a,
          co_window_cross_1, co_window_of_opportunity_a, co_window_paths_b,
          co_window_paths_b, co_window_corner_cb, co_window_corner_b,
          co_window_of_opportunity_c, co_window_unsneaky_path_b,
          glass_columns_a, glass_columns_b, glass_columns_a, glass_columns_b,
          glass_columns_b, nicolae_ossuary_entry_false_entrances,
          portal_sewer_entry_e, uniq_duvessa, uniq_eustachio
D:5:      layout_loops_cross, grunt_temple_overflow_open,
          general_overflow_altar, grunt_decor_cap, nicolae_letterblocks
          [nicolae_letter_subblock, nicolae_letter_subblock,
          nicolae_letter_subblock, nicolae_letter_subblock,
          nicolae_letter_subblock, nicolae_letter_subblock,
          nicolae_letter_subblock, nicolae_letter_subblock,
          nicolae_letter_subblock, nicolae_letter_subblock,
          nicolae_letter_subblock, nicolae_letter_subblock,
          nicolae_letter_subblock, nicolae_letter_subblock,
          nicolae_letter_subblock, nicolae_letter_subblock,
          nicolae_letter_subblock, nicolae_letter_subblock,
          nicolae_letter_subblock, nicolae_letter_subblock,
          nicolae_letter_subblock, nicolae_letter_subblock,
          nicolae_letter_subblock, nicolae_letter_subblock,
          nicolae_letter_subblock]
D:6:      layout_basic
D:7:      layout_layer_cave
D:8:      layout_cave_pools, lightli_church_of_beogh, uniq_prince_ribbit1,
          uniq_joseph
Temple:   hellmonk_temple_divided_pantheon

Skill      XL: |  1  2  3  4  5  6  7  8  9 |
---------------+----------------------------+-----
Polearms       | 3 4 5 6 8 |  8.3
Dodging        | 3 4 5 6 |  6.1
Fighting       | 3 4 6 |  6.3
Shapeshifting  | 1 |  1.8
Throwing       | |  1.7

Action                     |  1- 3 |  4- 6 |  7- 9 || total
---------------------------+-------+-------+-------++-------
  Melee: Trident           |    46 |    10 |       ||    56
         Spear             |    23 |   148 |   284 ||   455
         Unarmed           |       |    25 |       ||    25
         Punch             |       |     1 |     3 ||     4
         Tailslap          |       |       |    44 ||    44
 Invoke: Ancestor Life: Ba |       |       |     1 ||     1
    Use: Scroll            |       |     8 |     7 ||    15
         Potion            |       |     2 |     2 ||     4
   Stab: Distracted        |       |       |     1 ||     1
 Armour: Leather armour    |     7 |       |       ||     7
         Scale mail        |    14 |    95 |   103 ||   212
         Skin              |       |    40 |       ||    40
  Dodge: Dodged            |    23 |    58 |    88 ||   169

Table legend: (Time is in decaauts)
 A = Elapsed time spent in this place.
 B = Non-inter-level travel time spent in this place.
 C = Inter-level travel time spent in this place.
 D = Time resting spent in this place.
 E = Time spent auto-exploring this place.
 F = Levels seen in this place.
 G = Mean time per level.
                   A        B        C        D        E       F      G
               +--------+--------+--------+--------+--------+-----+--------+
         Total |   6697 |   6343 |    354 |    736 |   4407 |  10 |  669.7 |
       Dungeon |   5939 |   5585 |    354 |    296 |   4407 |   8 |  742.4 |
        Temple |    137 |    137 |      0 |     92 |      0 |   1 |  137.0 |
       Ossuary |    621 |    621 |      0 |    348 |      0 |   1 |  621.0 |
               +--------+--------+--------+--------+--------+-----+--------+

Top non-repeatable levels by time:
     D:4: 1404 daAuts
     D:2: 1097 daAuts
     D:7: 905 daAuts
     D:5: 753 daAuts
 Ossuary: 621 daAuts
     D:1: 612 daAuts
     D:6: 600 daAuts
     D:3: 499 daAuts
  Temple: 137 daAuts
     D:8: 65 daAuts
